 Dungeon Crawl Stone Soup version 0.21.1-1-g345015f (webtiles) character file.

41 Fortress the Conjurer (level 3, -3/16 HPs)
             Began as a Vine Stalker Conjurer on June 14, 2018.
             Slain by a hound (5 damage)
             ... on level 2 of the Dungeon.
             The game lasted 00:15:25 (1800 turns).

Fortress the Conjurer (Vine Stalker Conjurer)       Turns: 1800, Time: 00:15:26

Health: -3/16      AC:  3    Str: 10    XL:     3   Next: 52%
Magic:  0/7        EV: 12    Int: 16    God:
Gold:   128        SH:  0    Dex: 14    Spells: 5/6 levels left

rFire    . . .     SeeInvis .   n - -3 short sword (curse)
rCold    . . .     Gourm    .   (no shield)
rNeg     . . .     Faith    .   a - +1 robe
rPois    .         Spirit   +   (no helmet)
rElec    .         Reflect  .   (no cloak)
rCorr    .         Harm     .   (no gloves)
MR       .....                  (no boots)
Stlth    ++........             (no amulet)
HPRegen  0.05/turn              (no ring)
MPRegen  0.10/turn              (no ring)

@: hasted, very quick
A: fangs 2, magic shield, antimagic bite, no potion heal 3, rot immunity
a: no special abilities


You were on level 2 of the Dungeon.
You were hungry.

You visited 1 branch of the dungeon, and saw 4 of its levels.

You collected 128 gold pieces.

Inventory:

Hand Weapons
 g - a +1 dagger
 n - a cursed -3 short sword (weapon)
Missiles
 d - 34 stones (quivered)
 i - 24 bolts
 j - 6 tomahawks
Armour
 a - a +1 robe (worn)
 k - a +0 leather armour
Jewellery
 m - an uncursed amulet of magic regeneration {unknown}
Scrolls
 f - a scroll of enchant armour
Potions
 o - a potion of lignification {unknown}
Books
 b - a book of Conjurations

   Spells                             Type                      Level
   a - Magic Dart                     Conjuration                  1
   b - Searing Ray                    Conjuration                  2
   c - Dazzling Spray                 Conjuration/Hexes            3
   d - Fulminant Prism                Conjuration/Hexes            4
   e - Force Lance                    Conjuration/Translocation    4
   f - Iskenderun's Mystic Blast      Conjuration                  4
Comestibles
 c - 4 rations
 p - 2 chunks of flesh


   Skills:
 + Level 0.3 Short Blades
 + Level 1.7 Dodging
 + Level 2.7 Stealth
 + Level 2.4 Spellcasting
 + Level 4.8 Conjurations


You had 5 spell levels left.
You knew the following spells:

 Your Spells              Type           Power        Failure   Level  Hunger
a - Magic Dart            Conj           ###.         2%          1    #......


Dungeon Overview and Level Annotations

Branches:
Dungeon (4/15)
 Temple: D:4-7

Altars:
Ru
Trog
Uskayaw
Zin


Innate Abilities, Weirdness & Mutations

You have extremely sharp teeth.
When hurt, damage is shared between your health and your magic reserves.
Your bite disrupts and absorbs the magic of your enemies.
Potions cannot restore your health.
You are immune to rotting.


Message History

You hit the hound but do no damage.
The hound is moderately wounded.
The hound bites you. The hound closely misses you.
Casting: Magic Dart
Confirm with . or Enter, or press ? or * to list all spells.
Aiming: Magic Dart
Press: ? - help, Shift-Dir - straight line, f/p - hound
Aim: a hound (moderately wounded)
The magic dart hits the hound.
The hound is moderately wounded.
The hound bites you.
* * * LOW HITPOINT WARNING * * *
Okay, then.
It was a potion of heal wounds.
That seemed strangely inert.
The hound bites you.
* * * LOW HITPOINT WARNING * * *
The hound closely misses you.
It was a potion of haste.
You feel yourself speed up. The hound misses you.
It was a potion of curing.
That felt strangely inert.
The hound bites you.
You die...

...# .....##..........#.#.#.#
##.## .###.##.#...#'####.#.#.####
##..##.# #.##.#...#.####.#.#.....
.......# #.#..+...#...#....#.####
###....# #.#..#...#.#....######
....)..# #.#..#...###.........#
###†...###.#..###........####.###
##.####.....#######.#..#.<#....
#.## #....##.@...#.......#####
#..####.####h###.######.......
#.......# #b# #......[.######
....#..##..# #.# #######..#
.##.##.##..# #.# #..# #. #..#..#
#r# #>.# #. ......# #.# #..# #.
.#..#.# #.# #... #.#. ..... ..#
#..##


You could see a hound, a bat and a rat.

Vanquished Creatures
  2 dart slugs
  An orc (D:2)
  3 giant cockroaches
  4 goblins
  4 hobgoblins (D:2)
  4 jackals (D:1)
  2 kobolds (D:2)
  3 bats
  4 frilled lizards
  7 rats
34 creatures vanquished.

Notes
Turn   | Place    | Note
-------+----------+-------------------------------------------
     0 | D:1      | Fortress the Vine Stalker Conjurer began the quest for the Orb.
     0 | D:1      | Reached XP level 1. HP: 9/9 MP: 4/4
   238 | D:1      | Reached XP level 2. HP: 13/13 MP: 3/6
   978 | D:1      | Reached XP level 3. HP: 16/16 MP: 7/7
  1151 | D:2      | Found a hide-covered altar of Uskayaw.
  1451 | D:2      | Found a bloodstained altar of Trog.
  1453 | D:2      | Found a sacrificial altar of Ru.
  1457 | D:2      | Found a glowing silver altar of Zin.
  1800 | D:2      | Slain by a hound

Action                   || total
-------------------------++-------
Melee: Dagger            ||    29
       Bite              ||    36
       Short sword       ||    72
 Cast: Magic Dart        ||    52
  Use: Potion            ||     3
       Scroll            ||     2
 Stab: Sleeping          ||     4
  Eat: Chunk             ||     3
Armor: Robe              ||     7
Dodge: Dodged            ||    40
